 Dungeon Crawl Stone Soup version 0.29-a0-925-g0a7a3d12f8 (webtiles) character file.

Game seed: 4312754244897726787

574 quixfox the Digger (level 7, -4/36 HPs)
             Began as a Gargoyle Earth Elementalist on July 28, 2022.
             Slain by a killer bee (8 damage)
             ... on level 4 of the Dungeon.
             The game lasted 00:08:48 (4105 turns).

quixfox the Digger (Gargoyle Earth Elementalist)    Turns: 4105, Time: 00:08:49

Health: -4/36      AC:  8    Str: 11    XL:     7   Next: 34%
Magic:  11/13      EV:  9    Int: 18    God:
Gold:   117        SH:  0    Dex: 16    Spells: 9/15 levels left

rFire   . . .      SeeInvis .   c - staff of earth
rCold   . . .      Faith    .   (no shield)
rNeg    + . .      Spirit   .   a - +0 robe
rPois   ∞          Reflect  .   r - +1 helmet
rElec   +          Harm     .   (no cloak)
rCorr   .          Rampage  .   (no gloves)
Will    .....                   (no boots)
Stlth   ++........              (no amulet)
HPRegen 0.12/turn               f - ring of wizardry
MPRegen 0.13/turn               g - +6 ring of dexterity

@: constricted
A: sickness immunity, AC +4, negative energy resistance 1, electricity
resistance, torment resistance 1, petrification resistance
a: no special abilities


You were on level 4 of the Dungeon.
You visited 1 branch of the dungeon, and saw 4 of its levels.

You collected 117 gold pieces.

Inventory:

Armour
 a - a +0 robe (worn)
 r - a +1 helmet (worn)
Magical Staves
 c - a staff of earth (weapon)
 d - a staff of conjuration
Jewellery
 f - a ring of wizardry (left hand)
 g - a +6 ring of dexterity (right hand)
 j - a +6 ring of strength
Potions
 b - 3 potions of magic
 h - a potion of resistance {unknown}
 i - 2 potions of curing
 l - a potion of might {unknown}
 n - 3 potions of haste
 o - 4 potions of lignification


   Skills:
 - Level 1.5 Dodging
 - Level 2.1 Stealth
 + Level 4.5 Spellcasting
 + Level 4.1 Conjurations
 - Level 0.7 Transmutations
 + Level 6.6 Earth Magic


You had 9 spell levels left.
You knew the following spells:

 Your Spells              Type           Power      Damage    Failure   Level
a - Sandblast             Erth           82%        2d17      1%          1
b - Passwall              Tmut/Erth      20%        N/A       1%          2
c - Stone Arrow           Conj/Erth      70%        3d11      1%          3

Your spell library contained the following spells:

 Spells                   Type           Power      Damage    Failure   Level
 Necrotise                Necr           16%        1d4       6%          1
 Petrify                  Tmut/Erth      25%        N/A       12%         4
 Vampiric Draining        Necr           4%         2d6       16%         3
 Agony                    Necr           4%         N/A       80%         5


Dungeon Overview and Level Annotations

Branches:
Dungeon (4/15)
 Temple: D:4-7

Altars:
Trog


Innate Abilities, Weirdness & Mutations

You are immune to sickness and miasma.
Your stone body is resilient. (AC +4)
You are immune to poison.
You resist negative energy. (rN+)
You are resistant to electric shocks. (rElec)
You are resistant to unholy torment.
You are immune to petrification.


Message History

The killer bee stings you!
* * * LOW HITPOINT WARNING * * *
You feel better. The killer bee closely misses you.
The killer bee stings you but does no damage.
The ball python bites you but does no damage.
The ball python constricts you. The endoplasm freezes you.
You are frozen.
The killer bee barely misses you.
The killer bee stings you but does no damage.
Aiming: Sandblast (safe; 1% risk of failure)
Press: ? - help, Q - select action, (/) - cycle Shift-Dir - straight line, f/p - endoplasm
Aim: an endoplasm (98% to hit)
You feel a surge of power!
The blast of sand hits the endoplasm!!
You kill the endoplasm!
The killer bee stings you but does no damage.
The killer bee closely misses you. The ball python closely misses you.
The ball python constricts you. The killer bee stings you.
* * * LOW HITPOINT WARNING * * *
The killer bee barely misses you.
The ball python bites you but does no damage.
The ball python constricts you. The killer bee closely misses you.
The killer bee stings you.
* * * LOW HITPOINT WARNING * * *
The ball python barely misses you. The ball python constricts you.
The killer bee barely misses you. x2
You feel better. The killer bee barely misses you. The killer bee stings you.
The ball python closely misses you. The ball python constricts you.
The killer bee closely misses you. The killer bee stings you.
* * * LOW HITPOINT WARNING * * *
You aren't carrying any scrolls.
Aiming: Sandblast (safe; 1% risk of failure)
Press: ? - help, Q - select action, (/) - cycle Shift-Dir - straight line, f - killer bee
Aim: a killer bee (69% to hit)
You feel a surge of power!
The blast of sand hits the killer bee!
You kill the killer bee!
The killer bee barely misses you. The killer bee stings you.
* * * LOW HITPOINT WARNING * * *
The ball python barely misses you. The ball python constricts you.
The killer bee stings you!
You die...

....#*#...##.,,,..y,,,#..#####..#
###.#**,####,,**#.,*,*##.##.....#
.##...,,,§§§,,,*#.#####......####
..#...,,*#§§§,,,,.§§..#§......##
......,**##§§§***#§##§☼☼.####..##
....,*,*,§§§§§####§#§§§§####.....
**,,,,,,,☼§§§☼§#§§§§§§§§..#...#..
,,,,,****§§§§§§§..§§§§##.....####
,,,,,,,,,§§§§§☼§@y##.##.....## #.
,*,**,,,,§§##§§☼S§§#####...## #.
,*,,,,,,,,,#§§§§§§§####....######
,,,,,,,,,☼☼§§☼§###§§§.........##.
,,,,,,,,,§#§☼§§**,§☼§☼.........#[
**,*,*,,,,##☼§§,,.§§§§§§.........
*,*,**,,**#§#***..§§§§§......<..
*******,,,§§,***#.§§§☼§....##...
*,,,,,,,**#..##.#.........


You could see a killer bee and a ball python.

Vanquished Creatures
  Sigmund (D:3)
  A steam dragon (D:4)
  A killer bee (D:4)
  A hound (D:4)
  An orc wizard (D:3)
  Robin (D:3)
  8 gnolls
  5 adders
  An ufetubus (D:4)
  A worm (D:3)
  A dart slug (D:1)
  9 orcs
  5 ball pythons
  4 bats
  5 endoplasms
  A giant cockroach (D:2)
  9 goblins
  13 hobgoblins
  7 jackals
  A quokka (D:2)
  2 frilled lizards
  4 kobolds
  5 rats
87 creatures vanquished.

Vanquished Creatures (others)
  A plant (D:3)
1 creature vanquished.

Grand Total: 88 creatures vanquished

Notes
Turn   | Place    | Note
-------+----------+-------------------------------------------
     0 | D:1      | quixfox the Gargoyle Earth Elementalist began the quest for
                  | the Orb.
     0 | D:1      | Reached XP level 1. HP: 10/10 MP: 3/3
   196 | D:1      | Reached XP level 2. HP: 15/15 MP: 1/5
   247 | D:1      | Reached skill level 4 in Earth Magic
   578 | D:1      | Found a faded altar of an unknown god.
  1011 | D:2      | Reached XP level 3. HP: 19/19 MP: 3/6
  1014 | D:2      | Learned a level 2 spell: Passwall
  1018 | D:2      | Learned a level 3 spell: Stone Arrow
  1723 | D:3      | Identified 2 scrolls of acquirement
  1723 | D:3      | Acquired a staff of conjuration
  1727 | D:3      | Acquired a staff of earth
  1832 | D:3      | Reached skill level 1 in Conjurations
  1832 | D:3      | Reached XP level 4. HP: 24/24 MP: 2/8
  2284 | D:3      | Reached skill level 5 in Earth Magic
  2286 | D:3      | Reached XP level 5. HP: 24/28 MP: 4/9
  2617 | D:3      | Found a bloodstained altar of Trog.
  2735 | D:3      | Noticed Sigmund
  2740 | D:3      | Killed Sigmund
  2741 | D:3      | Reached XP level 6. HP: 22/32 MP: 7/12
  2966 | D:3      | Noticed Robin
  2974 | D:3      | Killed Robin
  3278 | D:4      | Reached skill level 6 in Earth Magic
  3662 | D:4      | Reached XP level 7. HP: 36/36 MP: 7/13
  3666 | D:4      | Noticed a steam dragon
  3743 | D:4      | Killed a steam dragon
  4105 | D:4      | Slain by a killer bee

Illustrated notes

Levels and vault maps discovered:
D:1:      minmay_arrival_four_circles, layout_basic,
          dreamdust_ecumenical_altar_hidden_monk_grotto, minmay_misc_feat_cross
D:2:      layout_basic
D:3:      layout_loops_corners, marbit_many_paths, minmay_shallow_snake_nest,
          uniq_robin, uniq_sigmund
D:4:      layout_cave_pools, st_stairs_11, grunt_ministairs_12

Skill      XL: |  1  2  3  4  5  6  7 |
---------------+----------------------+-----
Earth Magic    | 4 5 6 |  6.6
Conjurations   | 1 2 3 4 |  4.1
Spellcasting   | 3 4 |  4.5
Dodging        | |  1.5
Stealth        | |  2.1
Transmutations | |  0.7

Action                   |  1- 3 |  4- 6 |  7- 9 || total
-------------------------+-------+-------+-------++-------
 Cast: Sandblast         |    49 |    74 |     9 ||   132
  Use: Scroll            |     4 |     7 |     3 ||    14
       Potion            |       |       |     2 ||     2
Armor: Robe              |     5 |    23 |    10 ||    38
Dodge: Dodged            |    13 |    36 |    23 ||    72

Table legend: (Time is in decaauts)
 A = Elapsed time spent in this place.
 B = Non-inter-level travel time spent in this place.
 C = Inter-level travel time spent in this place.
 D = Time resting spent in this place.
 E = Time spent auto-exploring this place.
 F = Levels seen in this place.
 G = Mean time per level.
                   A        B        C        D        E       F      G
               +--------+--------+--------+--------+--------+-----+--------+
         Total |   4232 |   4128 |    104 |    526 |   2967 |   4 | 1058.0 |
       Dungeon |   4232 |   4128 |    104 |    526 |   2967 |   4 | 1058.0 |
               +--------+--------+--------+--------+--------+-----+--------+

Top non-repeatable levels by time:
     D:3: 1649 daAuts
     D:1: 1005 daAuts
     D:4: 826 daAuts
     D:2: 752 daAuts
